[Event "93rd German Championship 2022"]
[Site "Magdeburg"]
[Date "2022.08.19"]
[Round "8.6"]
[White "Braun, Georg"]
[Black "Krassowizkij, Jaroslaw"]
[Result "0-1"]
[ECO "C11"]
[WhiteElo "2398"]
[BlackElo "2428"]
[Annotator "TA"]
[PlyCount "54"]
[EventDate "2022.08.14"]
[EventType "swiss"]
[EventCountry "GER"]
[SourceTitle "playchess.com"]
[Source "ChessBase"]
[SourceQuality "1"]
[TimeControl "40/5400+30:1800+30"]

1. e4 e6 2. d4 d5 3. Nc3 Nf6 4. e5 Nfd7 5. f4 c5 6. Nf3 Nc6 7. Be3 cxd4 8. Nxd4 Qb6 9. Qd2 Qxb2 10. Rb1 Qa3 11. Bb5 $1 Nxd4 {[%emt 0:00:08] C11: French: Classical System: 4 e5 and 4 Bg5 dxe4.} 12. Bxd4 {[%emt 0:00:09] [#] Rb3 is the strong threat.} (12. Qxd4 a6 13. Bxd7+ Bxd7 14. Rxb7 Rc8 $17) 12... a6 13. Bxd7+ Bxd7 {[%emt 0:00:06] White is slightly better.} 14. Rb3 Qe7 15. Rxb7 Rc8 {[%emt 0:05:07][%cal Ba8c8,Bc8c4,Bc4f4][%mdl 32] 15...Qh4+ is the fancy move.} 16. O-O {[%emt 0:00:37] Hoping for Kh1.} Qa3 17. Rfb1 {[%emt 0:18:17] Threatens to win with Kh1.} Bc5 {[%emt 0:06:40] And now ...Bxd4+ would win.} 18. R1b3 ({White should try} 18. Ne2 $14) 18... Bxd4+ $11 19. Qxd4 Qc1+ 20. Kf2 $1 (20. Nd1 Rc4 21. Qd3 Bc8 $15) 20... Rc4 {[%emt 0:07:21] [#]} 21. Qa7 $146 (21. Ne2 $11 {and White has nothing to worry.} Rxd4 22. Nxc1 Rxf4+ 23. Ke2) ({Predecessor:} 21. Ne2 Rxd4 22. Nxc1 Rxf4+ 23. Ke3 Rc4 24. Ra7 Bc8 25. Ne2 Rxc2 26. Rc3 Rxc3+ 27. Nxc3 {0-1 (36) Laurent,B (2379)-Maenhout,T (2344) Belgium 2014}) 21... Rxf4+ (21... O-O 22. Ne2 Rxc2 23. Rxd7 $15) 22. Kg3 {[%emt 0:06:17] Intending Rb8+ and mate.} Rc4 {[%emt 0:00:52] ( -> ...Qf4+)} (22... Bc8 $2 23. Rb1 (23. Ne2 Qe1+ 24. Kxf4 O-O $16) 23... Qa3 24. R1b3 $18 (24. Kxf4 Qxc3 25. Rxf7 g5+ 26. Kxg5 Qxe5+ 27. Kh6 Qxh2+ 28. Kg7 Qe5+ 29. Kh6 Qh2+ 30. Kg7 Qe5+ 31. Kh6 Qh2+ $11)) 23. Kf2 $2 {[%emt 0:12:58] [#]} (23. Ne2 $17 {was forced.} Qe1+ 24. Qf2 Qxf2+ 25. Kxf2) 23... Rxc3 $1 $19 {[%emt 0:10:10][%mdl 512] Chess con chili.} 24. Rxc3 {[%emt 0:03:30] Rb8+ would kill now.} Qd2+ 25. Kf1 {[%emt 0:00:26] White wants to mate with Rb8+.} Qxc3 ({Stronger than} 25... O-O 26. Qe3 Bb5+ 27. Rxb5 Qxe3 28. Rxe3 $17) 26. Rc7 $2 (26. Rxd7 O-O 27. Rc7 Qxe5 28. Qc5) 26... Bb5+ 27. Kg1 Qe1# {Weighted Error Value: White=1.11/Black=0.05 (flawless)} 0-1

[Event "93rd German Championship 2022"]
[Site "Magdeburg"]
[Date "2022.08.19"]
[Round "8.7"]
[White "Bethke, Richard"]
[Black "Richter, Nils"]
[Result "1/2-1/2"]
[ECO "B85"]
[WhiteElo "2381"]
[BlackElo "2359"]
[Annotator "TA"]
[PlyCount "80"]
[EventDate "2022.08.14"]
[EventType "swiss"]
[EventCountry "GER"]
[SourceTitle "playchess.com"]
[Source "ChessBase"]
[SourceQuality "1"]
[TimeControl "40/5400+30:1800+30"]

1. e4 c5 2. Nf3 e6 3. d4 cxd4 4. Nxd4 Nc6 5. Nc3 Qc7 6. Be2 Nf6 7. Be3 a6 8. O-O Be7 9. f4 d6 10. Qe1 O-O 11. Qg3 Nxd4 12. Bxd4 b5 13. a3 Bb7 14. Bd3 e5 {[%emt 0:08:22] is the legacy move (14...Bc6). B85: Sicilian Scheveningen: 6 Be2 a6, lines with early Be3.} 15. fxe5 Nh5 16. Qe3 {[%emt 0:02:13] Hoping for Rf5.} dxe5 17. Bxe5 Qxe5 18. Rf5 {[%emt 0:00:04] [#]} Qd6 $146 {[%emt 0:01:53] Threatens to win with ...g6.} ({Predecessor:} 18... Qc7 19. Rxh5 f5 20. Kh1 g6 21. Rh3 f4 22. Qd2 Bf6 23. Re1 Bxc3 24. Qxc3 Qxc3 25. bxc3 {½-½ (45) Zaksaite,S (2312)-Khurtsidze,N (2409) Mamaia 2016}) 19. Rxh5 g6 20. Rh3 Qc5 {[%emt 0:00:23] Inhibits Nd5. aiming for ...Qxe3+.} 21. Kh1 {[%emt 0:01:23] And now Qh6 would win.} ({Wrong is} 21. Nd5 $2 Bxd5 22. Kf1 (22. exd5 $2 Qxe3+ 23. Rxe3 Bc5 $19) 22... Be6 23. Qxc5 Bxc5 $19) 21... Qxe3 22. Rxe3 Bc5 23. Ree1 Bf2 24. Rf1 Bd4 25. Rab1 Rad8 26. a4 bxa4 27. Nxa4 Kg7 28. b4 Rfe8 29. Rfe1 Bc6 {[%emt 0:08:58] This bishop pair is nice.} 30. Nc5 Bxc5 {[%emt 0:02:02] The position is equal.} 31. bxc5 Bb5 32. Rec1 Re5 33. Bxb5 axb5 $11 {[%emt 0:00:02][%mdl 4096] Endgame KRR-KRR} 34. c4 b4 35. Rxb4 Rxc5 36. h3 Rd4 37. e5 Rxe5 38. Rb7 Rde4 39. Kh2 Re7 40. Rb2 Rc7 {[%emt 0:00:51] An interesting draw.  Weighted Error Value: White=0.05 (flawless) /Black=0.04 (flawless)} 1/2-1/2

[Event "93rd German Championship 2022"]
[Site "Magdeburg"]
[Date "2022.08.19"]
[Round "8.8"]
[White "Kunin, Vitaly"]
[Black "Gungl, Theo"]
[Result "1/2-1/2"]
[ECO "B20"]
[WhiteElo "2528"]
[BlackElo "2359"]
[Annotator "TA"]
[PlyCount "80"]
[EventDate "2022.08.14"]
[EventType "swiss"]
[EventCountry "GER"]
[SourceTitle "playchess.com"]
[Source "ChessBase"]
[SourceQuality "1"]
[TimeControl "40/5400+30:1800+30"]

1. e4 c5 2. Ne2 d6 3. g3 Nc6 4. Bg2 Nf6 5. c3 d5 6. exd5 {[%emt 0:00:40] B20: Sicilian: Unusual White 2nd moves.} Nxd5 7. d4 e6 8. O-O {[%emt 0:00:43] White is slightly better.} Be7 9. dxc5 Bxc5 10. Nf4 {[%emt 0:01:01] [#]} (10. c4 $5 Nf6 11. Qxd8+ Nxd8 12. a3 $14) 10... Nf6 $146 ({Predecessor:} 10... Nxf4 11. Qxd8+ Nxd8 12. Bxf4 Bd7 13. Nd2 Bc6 14. Bxc6+ Nxc6 15. Ne4 Be7 16. Nd6+ Bxd6 17. Bxd6 {½-½ (35) Surya,B (1938)-Lehingrat,C (1341) Windsor 2015}) 11. Qxd8+ Nxd8 12. Nd3 Be7 13. c4 Bd7 14. Ne5 Nc6 15. Nxd7 Nxd7 16. Nc3 Nb6 17. b3 Bf6 18. Bb2 O-O-O {[%emt 0:01:25] aiming for ...Rd2.} 19. Rfd1 {[%emt 0:06:40] Prevents Rd2.} Nb4 20. c5 Nd7 21. a3 Nc2 22. Rac1 Nd4 23. b4 (23. Rb1 $1 $11 {remains equal.} Nxc5 24. Nd5 (24. b4 Ncb3 $11) 24... exd5 25. Bxd4 Bxd4 26. Rxd4) 23... Ne5 $17 24. Bf1 {[%emt 0:13:03] Inhibits Nc4.} Nb3 $1 {[%emt 0:02:02] Pair of Knights!} 25. Rxd8+ Rxd8 26. Rd1 Nd2 {[%emt 0:01:19] Hoping for ...Nec4.} 27. Ba1 Nec4 {[%emt 0:02:11] Threatens to win with ...Bxc3.} 28. Bxc4 Nxc4 29. Rc1 Nxa3 30. Ne4 Bxa1 31. Nd6+ Kb8 32. Rxa1 {[%emt 0:00:32][%mdl 4096] Endgame KRN-KRN} Nc2 33. Rb1 Rd7 34. f4 Ne3 35. Kf2 {[%emt 0:00:53] [#]} Nd5 ({Better is} 35... Nf5 $1 36. Nxf5 exf5) 36. Kf3 g6 37. Rb3 a6 (37... b6 $17) 38. Ke4 (38. b5 $11 {keeps the balance.}) 38... Kc7 39. Nc4 {[%emt 0:03:17] [#]} (39. Ke5 $17) 39... Nf6+ (39... f6 $1 $19 {has better winning chances.} 40. Kf3 Kc6) 40. Kf3 Nd5 {[%emt 0:01:38] Weighted Error Value: White=0.15 (very precise) /Black=0.13 (very precise)} (40... Rd8 $17) 1/2-1/2

[Event "93rd German Championship 2022"]
[Site "Magdeburg"]
[Date "2022.08.19"]
[Round "8.9"]
[White "Carlstedt, Jonathan"]
[Black "Dahl, Christoph"]
[Result "1-0"]
[ECO "A50"]
[WhiteElo "2446"]
[BlackElo "2355"]
[Annotator "TA"]
[PlyCount "67"]
[EventDate "2022.08.14"]
[EventType "swiss"]
[EventCountry "GER"]
[SourceTitle "playchess.com"]
[Source "ChessBase"]
[SourceQuality "1"]
[TimeControl "40/5400+30:1800+30"]

1. d4 Nf6 2. c4 g6 3. h4 d6 4. Nc3 Bg7 5. e4 O-O 6. Be2 c5 7. d5 e6 8. h5 exd5 {[%emt 0:00:53] E73: King's Indian: Averbakh Variation without 6...c5.} 9. exd5 Re8 10. h6 Bh8 {[%emt 0:00:42] The position is equal.} 11. Bg5 Qa5 12. Bd2 Qb6 {[%emt 0:11:03] [#]} 13. Rh4 $146 ({Predecessor:} 13. b3 Ne4 14. Nxe4 Rxe4 15. Rc1 Nd7 16. Nf3 Ne5 17. Ng5 Nd3+ 18. Kf1 Nb2 19. Qc2 Rxe2 20. Kxe2 {1-0 (42) Ding,L (2806)-Jones,G (2669) chess24.com INT 2022}) 13... Bf5 (13... Qxb2 $2 14. Rb1 Qa3 15. Nb5 $18) 14. Kf1 (14. Qc1 $11) 14... Ne4 (14... Qxb2 $17 15. Qc1 Qxc1+ 16. Rxc1 Ne4 17. Nxe4 Bxe4) 15. Nxe4 Bxe4 16. Bc1 ({Much worse is} 16. Qa4 Na6 17. Qb3 Bxb2 $17) 16... Nd7 (16... Bxb2 $2 17. Rxe4 $1 Rxe4 18. Rb1 $18) 17. f3 Bf5 {[%emt 0:00:15] Strongly threatening ...Bf6.} 18. g4 g5 $1 $36 {[%emt 0:00:11][%mdl 2048] Black fights for an advantage.} 19. Rh2 Bg6 20. a4 ({Better is} 20. Bd3) 20... Bxb2 $17 21. a5 Qb4 22. Ra2 (22. Bxg5 $17 Bxa1 23. Qxa1 Qb1+ 24. Qxb1 Bxb1 25. Nh3) 22... Be5 $19 23. Rg2 Qb1 24. Ra3 Bb2 25. Bxb2 Qxb2 26. Rb3 Qe5 27. Nh3 b6 28. a6 f6 29. Qc1 (29. Rf2 $17) 29... Qd4 {[%emt 0:00:47] White must now prevent ...Re7.} 30. f4 Rxe2 $2 31. Rxe2 $11 {[%emt 0:04:08] Threatens to win with f5. Dancing on a razor blade.} Bd3 {[%emt 0:00:35][%mdl 8192] [#]} (31... gxf4 $11 32. Rd2 (32. Nxf4 Ne5 $11) 32... Qe5) 32. Rxd3 $1 $18 {[%emt 0:00:16][%mdl 512] White is clearly winning.} Qxd3 {[%emt 0:00:03] [#]} 33. Nf2 $1 {[%emt 0:00:07] Active counter play!} Qd4 34. Re4 {[%emt 0:01:13] Weighted Error Value: White=0.22 (precise) /Black=0.21 (precise)} 1-0

[Event "93rd German Championship 2022"]
[Site "Magdeburg"]
[Date "2022.08.19"]
[Round "8.10"]
[White "Langheinrich, Ferenc"]
[Black "Bracker, Arne"]
[Result "1-0"]
[ECO "E20"]
[WhiteElo "2357"]
[BlackElo "2277"]
[Annotator "TA"]
[PlyCount "75"]
[EventDate "2022.08.14"]
[EventType "swiss"]
[EventCountry "GER"]
[SourceTitle "playchess.com"]
[Source "ChessBase"]
[SourceQuality "1"]
[TimeControl "40/5400+30:1800+30"]

1. d4 Nf6 2. c4 e6 3. Nc3 Bb4 4. Bd2 O-O 5. e3 d5 6. Nf3 b6 7. cxd5 exd5 8. Ne5 {[%emt 0:02:04] E51: Nimzo-Indian: Rubinstein: 4...0-0 5 Nf3 d5.} Bb7 9. Bd3 a6 10. Qf3 {[%emt 0:10:45] [#] The position is equal.} c5 $146 (10... Re8 $11) ({Predecessor:} 10... Bd6 11. Qh3 c5 12. O-O h6 13. Rad1 Nc6 14. Ng4 Nxg4 15. Qxg4 Bc8 16. Qh5 Be6 {½-½ (24) Horvath,D (2453)-Alsina Leal,D (2500) Cattolica 2021}) 11. Qh3 (11. a3 $5 Ba5 12. Rb1 $11) 11... g6 (11... Re8 $11 {remains equal.}) 12. a3 Ba5 13. Rb1 {[%emt 0:09:37] 0x0.00198bcac56fdp-1022s more active pieces.} (13. O-O $16) 13... c4 14. Bc2 b5 15. O-O Bb6 (15... Ne8 $14) 16. f4 $16 Nc6 17. Kh1 Qd6 18. Qh6 Rfe8 19. Nxc6 (19. Be1 $16) 19... Bxc6 $11 (19... Qxc6 20. f5 g5 21. Qxg5+ Kh8 22. Qh6 $16) 20. f5 $1 Ng4 21. Qh4 Bc7 22. g3 h5 (22... Nxe3 $2 23. fxg6 $1 fxg6 24. Rf7 $3 Kxf7 25. Qxh7+ Ke6 26. Bxe3 Qxg3 27. hxg3 $18) 23. Ne2 {[%emt 0:06:32] And now fxg6 would win.} Bd8 (23... Nxe3 {[#]} 24. fxg6 $1 fxg6 25. Bxe3 $18) 24. Qh3 {[%emt 0:00:28] Black must now prevent fxg6.} Rxe3 25. Nf4 $36 {[%emt 0:02:27][%mdl 2048] White has some pressure.} Re4 $1 26. Bb4 {[%emt 0:04:50] [#]} (26. fxg6 $11 fxg6 27. Qg2 (27. Bxe4 dxe4 28. d5 Bb7 $11)) 26... Qd7 $1 $15 27. Bxe4 dxe4 28. d5 Bb7 $1 (28... Bxd5 $2 29. Rbd1 Qxf5 30. Rxd5 $18) 29. fxg6 fxg6 {[%emt 0:00:02] ...e3 is the strong threat.} 30. Qg2 $1 Ne3 $2 (30... e3 $15 {stays ahead.} 31. Qc2 (31. Qe4 Qf7 $17) 31... Qf7) 31. Qxe4 $18 Nxd5 $2 (31... Bg5 32. Qxg6+ (32. Qxe3 Bxf4 33. Rxf4 Qxd5+ 34. Rf3 Qxf3+ 35. Qxf3 Bxf3+ 36. Kg1 Bg4 $15) 32... Qg7) 32. Qxg6+ Kh8 33. Qh6+ (33. Qxh5+ $142 Kg8 34. Qg6+ Kh8 35. Ng2) 33... Kg8 34. Qg6+ (34. Ng2 $142 Bf6 35. Rxf6 Nxf6 36. Qxf6) 34... Kh8 {[%emt 0:00:01] ( -> ...Nxf4+)} 35. Qxh5+ {[%emt 0:01:22] White is clearly winning.} Kg8 36. Qg6+ Kh8 37. Ng2 Bc7 38. Rf7 {[%emt 0:00:26] Weighted Error Value: White=0.59/Black=0.34} 1-0

[Event "93rd German Championship 2022"]
[Site "Magdeburg"]
[Date "2022.08.19"]
[Round "8.11"]
[White "Pajeken, Jakob Leon"]
[Black "Boder, Jan"]
[Result "1-0"]
[ECO "D37"]
[WhiteElo "2434"]
[BlackElo "2315"]
[Annotator "TA"]
[PlyCount "105"]
[EventDate "2022.08.14"]
[EventType "swiss"]
[EventCountry "GER"]
[SourceTitle "playchess.com"]
[Source "ChessBase"]
[SourceQuality "1"]
[TimeControl "40/5400+30:1800+30"]

1. d4 Nf6 2. Nf3 e6 3. c4 d5 4. Nc3 Be7 5. g3 O-O 6. Bg2 c6 7. O-O dxc4 8. Ne5 Nbd7 9. Nxc4 Nb6 {[%emt 0:03:12] E06: Closed Catalan: Early deviations.} 10. Ne5 Qc7 11. Bf4 {[%emt 0:02:42][%cal Oe5f7] Strongly threatening Nxf7!} Bd6 {[%emt 0:09:40] White is better.} 12. Rc1 {[%emt 0:01:45][%cal Oc3b5] [#]} Nbd5 $146 {[%emt 0:04:54] [#]} (12... Qe7 $16) ({Predecessor:} 12... Nfd7 13. Nb5 Qb8 14. Nxd6 Nxe5 15. Nxc8 Qxc8 16. Bxe5 f6 17. Bf4 g5 18. Bd2 h5 {1-0 (29) Rodriguez Berruti,A-Blanco,R (1470) Montevideo 2020}) 13. Nb5 $1 $18 Qd8 (13... Qb8 14. Nxd6) 14. Nxd6 Qxd6 {[%emt 0:04:44] [#]} 15. Nxf7 $1 Qe7 16. Ne5 {[%emt 0:01:11] Hoping for Bg5.} Nxf4 17. gxf4 Nd5 (17... Bd7 $16 18. e3 Be8) 18. e3 Rf6 19. Qg4 Rh6 20. Rc5 a6 21. h3 Kh8 22. Re1 Nf6 23. Qg5 Bd7 24. b4 Rg8 25. Nd3 (25. Rec1 $18) 25... Be8 $16 26. Re5 (26. a3 $16) 26... Rh5 (26... Bg6 $14 27. f5 Rh5) 27. Qg3 $36 {[%emt 0:00:12][%mdl 2048] White is on the roll. 0x0.001b84ac82dadp-1022s more active pieces. The black rooks are badly placed.} Bg6 28. e4 {[%emt 0:02:57][%cal Of4f5] aiming for f5!} Nd7 {[%emt 0:01:52] [#]} (28... Qf7 $16 {was worth a try.} 29. Rg5 Qd7) 29. Rxh5 $1 $18 Bxh5 30. d5 g5 $2 {[%emt 0:01:12] [#]} (30... exd5 31. exd5 Qf6 32. dxc6 bxc6) 31. f5 $1 e5 32. dxc6 bxc6 33. Rc1 Qd6 34. Nc5 {[%emt 0:01:00] Nxd7 is the strong threat.} Nf6 35. Nd3 $2 (35. Qd3 $18 Rd8 36. Qxd6 Rxd6 37. Nxa6) 35... g4 $2 (35... Nd7 $11 36. Nc5 Nf6) 36. h4 Re8 37. Qe3 {[%emt 0:00:27] Threatens to win with Bf1.} Bf7 (37... g3 $142 38. fxg3 Ng4) 38. a3 g3 39. Qxg3 ({Don't play} 39. fxg3 Ng4 40. Qe2 Qd4+ 41. Nf2 Rg8 42. Rxc6 Bb3 $18) 39... Nh5 40. Qe3 Rg8 41. Kf1 Qf6 (41... Rd8 {might work better.}) 42. Qc5 {[%emt 0:00:43] White is clearly winning.} Re8 43. Qxc6 Qxh4 44. Qc7 Qf6 45. Bf3 Nf4 46. Nxf4 exf4 47. Qxf4 Qd4 48. Qe3 Bc4+ 49. Ke1 Qd3 50. Qxd3 Bxd3 51. Rc3 Bxe4 52. Re3 Bc6 53. Bxc6 {[%emt 0:00:00] Weighted Error Value: White=0.25 (precise) /Black=0.56} 1-0

[Event "93rd German Championship 2022"]
[Site "Magdeburg"]
[Date "2022.08.19"]
[Round "8.12"]
[White "Florstedt, Johannes"]
[Black "Parvanyan, Alfred"]
[Result "1-0"]
[ECO "B30"]
[WhiteElo "2368"]
[BlackElo "2126"]
[Annotator "TA"]
[PlyCount "65"]
[EventDate "2022.08.14"]
[EventType "swiss"]
[EventCountry "GER"]
[SourceTitle "playchess.com"]
[Source "ChessBase"]
[SourceQuality "1"]
[TimeControl "40/5400+30:1800+30"]

1. e4 c5 2. Nf3 Nc6 3. Bc4 e5 4. O-O Be7 5. d4 cxd4 6. c3 $1 {[%emt 0:00:07][%cal Bc2c3,Bc3d4,Bd4d5][%mdl 32] B30: Sicilian: 2...Nc6 3 Bb5, lines without ...g6.} Nf6 7. cxd4 d6 (7... exd4 $11 8. Re1 d6) 8. d5 $14 {[%emt 0:00:33] White is slightly better.} Nb8 9. Nc3 O-O 10. h3 Nbd7 {[%emt 0:01:14] [#]} 11. Re1 $146 {[%emt 0:00:24][%mdl 2048] White is on the roll. White is more active.} ({Predecessor:} 11. Be3 Nh5 12. a4 g6 13. a5 f5 14. a6 bxa6 15. exf5 gxf5 16. Bxa6 Ng7 17. Nb5 {1-0 (29) Feuerstack,A (2449)-Bokelbrink,U (2312) Germany 2017}) 11... Nb6 12. Bd3 Bd7 13. a4 Rc8 (13... Qc7 $142) 14. Be3 $16 Nc4 15. Bxc4 (15. Bxa7 Nxb2 16. Qd2 Nxd3 17. Qxd3 Qa5 $15) 15... Rxc4 16. Qb3 (16. Bxa7 Qa5 17. Be3 Nxe4 $16) 16... Qc8 (16... Rc8 $16 {might work better.}) 17. Nd2 Rc7 18. Bxa7 Nh5 (18... Qe8 {was worth a try.} 19. Qb6 Rc8 20. Qxb7 Nh5) 19. Bb6 $18 Bxh3 20. gxh3 ({Don't go for} 20. Bxc7 $2 Qg4 21. g3 {[#]} Nxg3 $1 $19) 20... Qxh3 {[%emt 0:01:18][%cal Oh5f4] [#] ( -> ...Nf4!)} 21. Ne2 (21. Bxc7 $2 {is a self mate.} Nf4 22. Qxb7 Qg2#) 21... Qg4+ 22. Ng3 Rc2 (22... Rcc8 23. Qd1 Qxd1 24. Raxd1 Nxg3) 23. Qxc2 Nxg3 24. fxg3 Qxg3+ 25. Kf1 Bh4 26. Qc3 Qh2 27. Re2 Qh1+ 28. Bg1 {[%emt 0:00:06] And now Rh2 would win.} f5 29. Qf3 fxe4 30. Qxf8+ $1 Kxf8 31. Rh2 {[%emt 0:00:05] Inhibits Qh3+. White is clearly winning.} Qxh2 32. Bxh2 e3 33. Nc4 {[%emt 0:00:07] Black got outplayed after the opening.  Weighted Error Value: White=0.11 (very precise) /Black=0.39} 1-0

[Event "93rd German Championship 2022"]
[Site "Magdeburg"]
[Date "2022.08.19"]
[Round "8.13"]
[White "Colbow, Collin"]
[Black "Miller, Eduard"]
[Result "1-0"]
[ECO "B14"]
[WhiteElo "2325"]
[BlackElo "2350"]
[Annotator "TA"]
[PlyCount "99"]
[EventDate "2022.08.14"]
[EventType "swiss"]
[EventCountry "GER"]
[SourceTitle "playchess.com"]
[Source "ChessBase"]
[SourceQuality "1"]
[TimeControl "40/5400+30:1800+30"]

1. e4 c6 2. d4 d5 3. exd5 cxd5 4. c4 Nf6 5. Nc3 g6 6. Qb3 Bg7 7. cxd5 O-O 8. Nge2 Na6 {[%emt 0:05:40][%mdl 1024] Black has compensation.} 9. g3 {[%emt 0:02:18] [#] 9.Nf4 is vanishing. B14: Caro-Kann: Panov-Botvinnik Attack with 5...e6 and 5...g6.} Bf5 $146 ({Predecessor:} 9... Qb6 10. Qxb6 axb6 11. Bg2 Nb4 12. O-O Rd8 13. d6 Rxd6 14. Bf4 Rd7 15. Rfd1 Nfd5 16. Bd2 Rd8 17. a3 Nxc3 18. bxc3 Nc6 19. Bf4 {½-½ (51) Kobalia,M (2651)-Kamsky,G (2741) Khanty-Mansiysk 2013}) 10. Bg2 Qd7 11. Bf4 {[%emt 0:06:56] White is slightly better.} Nh5 12. Be3 {[%emt 0:01:00] Black must now prevent h3.} Rac8 13. Rd1 {[%emt 0:04:12] And now h3 would win.} Nf6 14. h3 {[%emt 0:04:40] aiming for g4.} h5 {[%emt 0:01:47] Against g4} 15. Bf4 b5 ({Black should try} 15... Rcd8) 16. Qxb5 $16 Qxb5 17. Nxb5 Nb4 18. Nxa7 (18. Nec3 $1 $16) 18... Rc2 $14 19. Rd2 {[%emt 0:00:56] Hoping for Rxc2.} Ne4 $2 {[%emt 0:18:49] This costs Black the game.} (19... Nd3+ $14 20. Kf1 Nxf4 21. Rxc2 Bxc2 22. Nxf4 g5) 20. Rxc2 $1 $18 Nxc2+ 21. Kf1 Ra8 $2 (21... Nxd4 $2 22. Nxd4 (22. Nc6 Nxc6 23. dxc6 Rd8 $16) 22... Bxd4 23. Nc6 $18) (21... g5) 22. Nc6 Rxa2 23. g4 Ra1+ 24. Nc1 hxg4 25. hxg4 (25. Nxe7+ Kf8 $16) 25... g5 $2 (25... Bxg4 26. Bxe4 Nxd4) 26. Nxe7+ Kf8 27. Nxf5 gxf4 28. Bxe4 Rxc1+ 29. Kg2 Rxh1 30. Kxh1 Nxd4 31. Nxg7 Kxg7 {[%emt 0:00:03][%mdl 4096] Endgame KB-KN} 32. Kg2 Kf6 33. f3 Ke5 34. Kh3 $2 (34. g5 Nb5 35. Kh3) 34... Nb5 $2 (34... f6 35. g5 fxg5) 35. g5 Nd6 36. b4 Kd4 37. Kg4 $2 (37. Bh7 Kxd5 38. Kg4) 37... Nxe4 38. fxe4 Kxe4 {[%emt 0:00:23] K3P-KPP} 39. d6 {[%emt 0:00:04] Intending d7 and mate.} f3 40. Kg3 Ke3 41. d7 f2 {[%emt 0:30:06] [#]} 42. d8=Q $1 {[%emt 0:00:09] Qf6 would kill now.} ({Not} 42. Kg2 Ke2 43. d8=Q f1=Q+ 44. Kg3 Qf3+ 45. Kh4 Qe4+ 46. Kh3 Qf3+ 47. Kh4 Qe4+ 48. Kh3 Qf3+ 49. Kh4 $11) 42... f1=Q {[%emt 0:00:06] KQ-KQ} 43. Qb6+ Ke4 44. Qf2 {[%emt 0:00:00] Inhibits Qf4+.} Qd3+ 45. Kh4 Qd1 {[%emt 0:00:00] [#]} (45... Qc4 {was called for.} 46. b5 Ke5+ 47. Kh5 Qxb5 48. Qf6+ Ke4 49. Qxf7 Qc5) 46. b5 $1 {[%emt 0:00:00] White wants to mate with b6.} Qh1+ (46... Qa4 $18 47. Qxf7 Qxb5 48. Qe6+ Kd3) 47. Kg3 {[%emt 0:00:00] White mates.} Qc1 48. Qf3+ Ke5 49. Qf6+ Ke4 50. Qc6+ {[%emt 0:00:00] Weighted Error Value: White=0.42/Black=0.48} 1-0

[Event "93rd German Championship 2022"]
[Site "Magdeburg"]
[Date "2022.08.19"]
[Round "8.14"]
[White "Malek, Daniel"]
[Black "Feuerstack, Aljoscha"]
[Result "0-1"]
[ECO "B40"]
[WhiteElo "2355"]
[BlackElo "2473"]
[Annotator "TA"]
[PlyCount "42"]
[EventDate "2022.08.14"]
[EventType "swiss"]
[EventCountry "GER"]
[SourceTitle "playchess.com"]
[Source "ChessBase"]
[SourceQuality "1"]
[TimeControl "40/5400+30:1800+30"]

1. e4 c5 2. Nf3 e6 3. g3 d5 4. exd5 exd5 5. d4 cxd4 6. Nxd4 {[%emt 0:08:52] B40: Sicilian: 2...e6, Unusual lines.} Nc6 7. Bg2 Bc5 8. Nxc6 {[%emt 0:09:37] The position is equal.} (8. Nb3 $5 Qe7+ 9. Kf1 $11 (9. Qe2 Bb6 $11)) 8... bxc6 9. O-O Nf6 {[%emt 0:01:39] Active counter play!} 10. c4 O-O $36 {[%emt 0:00:28][%mdl 2048] Black is pushing.} 11. cxd5 Ba6 12. Re1 ({Don't play} 12. dxc6 Bxf1 13. Qxf1 Ng4 $15) 12... cxd5 {[%emt 0:07:40] White should prevent ...Qb6.} 13. Nc3 Qb6 14. Be3 {[%emt 0:04:16] [#] White does not recover from this.} ({White should try} 14. Qc2 $1 $15) 14... d4 $1 $19 15. Na4 ({Don't blunder} 15. Bxa8 $2 dxe3 16. Rxe3 Bxe3 $19) 15... dxe3 16. Nxb6 $2 (16. Rxe3 {only move.} Rad8 17. Nxb6 Rxd1+ 18. Rxd1 Bxe3 19. Na4) 16... exf2+ 17. Kh1 fxe1=Q+ 18. Qxe1 Bxb6 {[%emt 0:00:25] A strong pair of Bishops.} ({But not} 18... axb6 $2 19. b4 Rae8 20. Qc3 $19) 19. Bxa8 (19. a4 $142 Rfe8 20. Qb4) 19... Rxa8 20. h3 Re8 {[%emt 0:00:51] [#]} 21. Qc3 $146 ({Predecessor:} 21. Qd1 Re2 {0-1 (21) McShane,L (2655)-Lagarde,M (2638) London 2021}) 21... Bb7+ {[%emt 0:00:19] Weighted Error Value: White=1.09/Black=0.02 (flawless)} 0-1